AoeStats
← KG.专业开脑壳

Oasis

508382048Analyzed
3v3 RM · 9d ago on Sep 22, 2026· 21m 32s· 6 players
Game mode
Random Map
Map size
Normal (6 player)
Population
200
Speed
Normal
Resources
Standard
Victory
Conquest
Starting age
Dark Age
Ending age
Imperial Age
RankedLock teamsTeams togetherTeam positionsShared explorationLock speedFull tech treeHidden civsTurbo modeCheats
Victory
Defeat
🇲🇽 Ethiopians · Mexico
1223
+17
🇲🇽 Hindustanis · Mexico
1211
+18
🇲🇽 Magyars · Mexico
1171
+19
🇫🇷 Saracens · France
1312
-20
🇮🇹 Franks · Italy
1309
-21
🇨🇳 Ethiopians · China
1125
-13
CapitanRexMx
8:42 Loom
10:50 Feudal Age
11:47 Double-Bit Axe
15:06 Fletching
17:09 Gold Mining
BlankZombie18
6:11 Loom
8:44 Feudal Age
9:48 Double-Bit Axe
16:05 Town Watch
arky8a
4:13 Loom
8:08 Loom
10:23 Feudal Age
11:14 Horse Collar
11:22 Double-Bit Axe
13:31 Bloodlines
18:09 Forging
18:05 Scale Barding Armor
22:31 Castle Age
Tattico87
8:25 Loom
10:23 Feudal Age
11:51 Double-Bit Axe
14:30 Wheelbarrow
18:17 Forging
20:45 Scale Barding Armor
El_diouf
6:30 Loom
9:10 Feudal Age
10:02 Double-Bit Axe
15:39 Fletching
18:20 Padded Archer Armor
KG.专业开脑壳
7:12 Loom
9:33 Feudal Age
10:49 Double-Bit Axe
15:21 Fletching
15:25 Horse Collar
16:37 Padded Archer Armor
Connection lost

Rejoining the realm…

Still unreachable

The connection could not be restored.

Session expired

The server has moved on; the page needs a fresh start.